 Dungeon Crawl Stone Soup version 0.26.1-11-gd32895ea62 (webtiles) character file.

Game seed: 18423017468662589133

678 Almogavar the Skirmisher (level 7, -5/60 HPs)
             Began as a Gnoll Wanderer on Apr 16, 2021.
             Slain by Duvessa
             ... wielding a +0 short sword
              (8 damage)
             ... on level 4 of the Dungeon.
             The game lasted 00:09:49 (4256 turns).

Almogavar the Skirmisher (Gnoll Wanderer)           Turns: 4256, Time: 00:09:50

Health: -5/60      AC:  8    Str: 13    XL:     7   Next: 60%
Magic:  10/10      EV: 13    Int: 16    God:
Gold:   96         SH:  0    Dex: 16    Spells: 11/11 levels left

rFire    . . .     SeeInvis .   f - +1 dagger (speed)
rCold    . . .     Faith    .   (no shield)
rNeg     . . .     Spirit   .   r - +3 leather armour
rPois    .         Reflect  .   (no helmet)
rElec    .         Harm     .   c - +0 cloak
rCorr    .         Rampage  .   e - +0 pair of gloves
Will     .....                  (no boots)
Stlth    ++........             (no amulet)
HPRegen  0.20/turn              (no ring)
MPRegen  0.12/turn              (no ring)

@: no status effects
A: distributed training, fangs 1, strong nose
a: no special abilities


You were on level 4 of the Dungeon.
You visited 1 branch of the dungeon, and saw 4 of its levels.

You collected 96 gold pieces.

Inventory:

Hand Weapons
 a - a +2 short sword
 f - a +1 dagger of speed (weapon)
Missiles
 i - 59 arrows
 k - 18 poisoned darts (quivered)
Armour
 c - a +0 cloak (worn)
 e - a +0 pair of gloves (worn)
 r - a +3 leather armour (worn)
 s - a +0 ring mail
Jewellery
 p - an uncursed ring of protection from cold
Wands
 o - a wand of paralysis (1)
 t - a wand of iceblast (9)
 v - a wand of random effects (17)
Scrolls
 d - a scroll of remove curse
 g - a scroll of identify {unknown}
 j - 2 scrolls of blinking
 n - a scroll of enchant armour {unknown}
 q - a scroll of teleportation {unknown}
Potions
 b - 2 potions of curing
 h - a potion of haste {unknown}
 l - a potion of cancellation {unknown}
 m - a potion of heal wounds
 u - a potion of mutation {unknown}


   Skills:
 + Level 7.1 Fighting
 + Level 5.3 Short Blades
 + Level 2.6 Long Blades
 + Level 2.6 Axes
 + Level 2.6 Maces & Flails
 + Level 2.6 Polearms
 + Level 2.6 Staves
 + Level 2.6 Slings
 + Level 3.7 Bows
 + Level 2.6 Crossbows
 + Level 3.7 Throwing
 + Level 3.7 Armour
 + Level 2.6 Dodging
 + Level 3.5 Stealth
 + Level 3.7 Shields
 + Level 2.6 Unarmed Combat
 + Level 2.6 Spellcasting
 + Level 2.1 Conjurations
 + Level 2.1 Hexes
 + Level 2.1 Summonings
 + Level 2.1 Necromancy
 + Level 2.1 Translocations
 + Level 2.1 Transmutations
 + Level 2.1 Fire Magic
 + Level 2.1 Ice Magic
 + Level 2.1 Air Magic
 + Level 2.1 Earth Magic
 + Level 2.1 Poison Magic
 + Level 2.9 Invocations
 + Level 2.6 Evocations


You had 11 spell levels left.
You didn't know any spells.
Your spell library was empty.

Dungeon Overview and Level Annotations

Branches:
Dungeon (4/15)
 Temple: D:4-7

Altars:
Beogh

Annotations:
D:4 3 runed translucent doors, Dowan; Duvessa; danmikkh's ghost, amateur DsCj


Innate Abilities, Weirdness & Mutations

Your experience applies equally to all skills.
You have very sharp teeth.
Your uncanny sense of smell can sniff out nearby items.


Message History

Duvessa is lightly wounded.
Duvessa says, "When magic and the sword combine, nothing stands against them."
Duvessa hits you with a +0 short sword.
* * * LOW HITPOINT WARNING * * *
You closely miss Duvessa.
Duvessa is lightly wounded.
Duvessa hits you with a +0 short sword.
* * * LOW HITPOINT WARNING * * *
The orc wizard mumbles some strange words.
The orc wizard blinks!
You hit Duvessa but do no damage.
Duvessa is lightly wounded.
Dowan casts a spell at you. The puff of frost hits you.
* * * LOW HITPOINT WARNING * * *
The orc priest suddenly curses, in orcish tradition.
You hit Duvessa but do no damage. Your punch misses Duvessa.
Duvessa is lightly wounded.
Duvessa hits you with a +0 short sword!
You die...

............# #........... ∆
...........# #......)....
..........# ######'#....
..........# #.#.###
.........############.#.###
..>.....)##...........#..(.
#.######..##...........####.
#.#######.##§.§........# #.
#.8......oe@e...8#####.####.
#.######+++####### #.#..#. #


#...oooooooo..# #.#..#. #....#####W...# #.#..#. #.###.....###.#...##.#..#.
#.#8#..8..#8#.#...##.#..#. #.#.............#...##.#..#.
..#8..()[_[....8#...##.#..#. #.####### ######...##.#..#. You could see Duvessa
(fast), Dowan, 2 orc priests, an orc wizard (fast), danmikkh's ghost and 6 orcs.

Vanquished Creatures
  Grinder (D:3)
  Sigmund (D:4)
  A necrophage (D:3)
  2 orc priests (D:4)
  A hound skeleton (D:4)
  A howler monkey skeleton (D:4)
  6 adders
  2 worms (D:2)
  4 dart slugs
  3 leopard geckos
  7 orcs
  A giant cockroach (D:2)
  8 goblins
  4 hobgoblins
  5 jackals
  A quokka (D:2)
  4 ball pythons
  5 bats
  5 frilled lizards
  8 kobolds
  A leopard gecko skeleton (D:4)
  7 rats
78 creatures vanquished.

Notes
Turn   | Place    | Note
-------+----------+-------------------------------------------
     0 | D:1      | Almogavar the Gnoll Wanderer began the quest for the Orb.
     0 | D:1      | Almogavar set off with the following items: a +2 short
                  | sword, 2 potions of curing, a +0 robe
     0 | D:1      | Reached XP level 1. HP: 23/23 MP: 1/1
   133 | D:1      | Reached XP level 2. HP: 29/29 MP: 2/2
   797 | D:1      | Reached XP level 3. HP: 35/35 MP: 3/3
  1084 | D:2      | Reached skill level 1 in Invocations
  1432 | D:2      | Reached skill level 1 in Long Blades
  1432 | D:2      | Reached skill level 1 in Axes
  1432 | D:2      | Reached skill level 1 in Maces & Flails
  1432 | D:2      | Reached skill level 1 in Polearms
  1432 | D:2      | Reached skill level 1 in Staves
  1432 | D:2      | Reached skill level 1 in Slings
  1432 | D:2      | Reached skill level 1 in Crossbows
  1432 | D:2      | Reached skill level 1 in Dodging
  1432 | D:2      | Reached skill level 1 in Unarmed Combat
  1432 | D:2      | Reached skill level 1 in Spellcasting
  1432 | D:2      | Reached skill level 1 in Evocations
  1432 | D:2      | Reached XP level 4. HP: 29/41 MP: 5/5
  2299 | D:2      | Reached skill level 1 in Conjurations
  2299 | D:2      | Reached skill level 1 in Hexes
  2299 | D:2      | Reached skill level 1 in Summonings
  2299 | D:2      | Reached skill level 1 in Necromancy
  2299 | D:2      | Reached skill level 1 in Translocations
  2299 | D:2      | Reached skill level 1 in Transmutations
  2299 | D:2      | Reached skill level 1 in Fire Magic
  2299 | D:2      | Reached skill level 1 in Ice Magic
  2299 | D:2      | Reached skill level 1 in Air Magic
  2299 | D:2      | Reached skill level 1 in Earth Magic
  2299 | D:2      | Reached skill level 1 in Poison Magic
  2733 | D:3      | Noticed Grinder
  2742 | D:3      | Killed Grinder
  2743 | D:3      | Reached skill level 5 in Short Blades
  2743 | D:3      | Reached XP level 5. HP: 47/47 MP: 5/8
  2743 | D:3      | Reached XP level 6. HP: 53/53 MP: 5/9
  3218 | D:3      | Noticed a necrophage
  3267 | D:3      | Killed a necrophage
  3649 | D:4      | Reached XP level 7. HP: 49/59 MP: 10/10
  3816 | D:4      | Reached skill level 7 in Fighting
  4127 | D:4      | Found a runed translucent gate.
  4128 | D:4      | Found a runed translucent gate.
  4128 | D:4      | Noticed danmikkh's ghost (amateur DsCj)
  4129 | D:4      | Found a runed translucent gate.
  4129 | D:4      | Found a roughly hewn altar of Beogh.
  4149 | D:4      | Noticed Sigmund
  4176 | D:4      | Killed Sigmund
  4205 | D:4      | Noticed Dowan
  4205 | D:4      | Noticed Duvessa
  4255 | D:4      | HP: 3/60 [Dowan/puff of frost (5)]
  4256 | D:4      | Slain by Duvessa

Illustrated notes

Levels and vault maps discovered:
D:1:      roderic_chinese_lattice_arrival, layout_loops_ring,
          minmay_pentomino_w2
D:2:      layout_basic, feat_on_display
D:3:      layout_loops_ring, grunt_ministairs_9, uniq_grinder
D:4:      layout_basic, biasface_ghost_orc_armoury, serial_shops, shop,
          xom_redecorated, uniq_sigmund, uniq_edmund, uniq_duvessa

Skill      XL: |  1  2  3  4  5  6  7 |
---------------+----------------------+-----
Invocations    | 1 2 |  2.9
Long Blades    | 1 2 |  2.6
Axes           | 1 2 |  2.6
Maces & Flails | 1 2 |  2.6
Polearms       | 1 2 |  2.6
Staves         | 1 2 |  2.6
Slings         | 1 2 |  2.6
Crossbows      | 1 2 |  2.6
Dodging        | 1 2 |  2.6
Unarmed Combat | 1 2 |  2.6
Spellcasting   | 1 2 |  2.6
Evocations     | 1 2 |  2.6
Conjurations   | 1 2 |  2.1
Hexes          | 1 2 |  2.1
Summonings     | 1 2 |  2.1
Necromancy     | 1 2 |  2.1
Translocations | 1 2 |  2.1
Transmutations | 1 2 |  2.1
Fire Magic     | 1 2 |  2.1
Ice Magic      | 1 2 |  2.1
Air Magic      | 1 2 |  2.1
Earth Magic    | 1 2 |  2.1
Poison Magic   | 1 2 |  2.1
Short Blades   | 5 |  5.3
Bows           | 3 |  3.7
Throwing       | 3 |  3.7
Armour         | 3 |  3.7
Stealth        | 3 |  3.5
Shields        | 3 |  3.7
Fighting       | 7 |  7.1

Action                   |  1- 3 |  4- 6 |  7- 9 || total
-------------------------+-------+-------+-------++-------
Melee: Dagger            |   152 |   156 |    93 ||   401
       Short sword       |     3 |       |       ||     3
       Bite              |    17 |    14 |    10 ||    41
       Punch             |       |     1 |       ||     1
Throw: Dart              |       |    25 |     6 ||    31
Evoke: Wand              |       |     1 |       ||     1
  Use: Scroll            |     1 |     2 |       ||     3
       Potion            |       |       |     2 ||     2
 Stab: Sleeping          |     2 |     5 |     2 ||     9
       Paralysed         |       |     2 |       ||     2
Armor: Robe              |    27 |    14 |       ||    41
       Leather armour    |       |     8 |    20 ||    28
Dodge: Dodged            |    62 |    38 |    35 ||   135
